 Dungeon Crawl Stone Soup version 0.28.0-53-g5a82cb258f (webtiles) character file.

Game seed: 15454277689729225326

32 H0rd4k the Charlatan (level 3, -1/26 HPs)
             Began as a Human Artificer on Aug 8, 2022.
             Slain by a hobgoblin (4 damage)
             ... on level 2 of the Dungeon.
             The game lasted 00:01:40 (2237 turns).

H0rd4k the Charlatan (Human Artificer)              Turns: 2237, Time: 00:01:40

Health: -1/26      AC:  3    Str: 12    XL:     3   Next: 42%
Magic:  3/3        EV: 11    Int: 13    God:
Gold:   37         SH:  0    Dex: 13    Spells: 2/2 levels left

rFire   . . .      SeeInvis .   a - +0 club
rCold   . . .      Faith    .   (no shield)
rNeg    . . .      Spirit   .   b - +0 leather armour
rPois   .          Reflect  .   (no helmet)
rElec   .          Harm     .   (no cloak)
rCorr   .          Rampage  .   (no gloves)
Will    .....                   (no boots)
Stlth   +.........              (no amulet)
HPRegen 0.08/turn               (no ring)
MPRegen 0.08/turn               (no ring)

@: no status effects
A: no striking features
a: no special abilities


You were on level 2 of the Dungeon.
You visited 1 branch of the dungeon, and saw 2 of its levels.

You collected 37 gold pieces.

Inventory:

Hand Weapons
 a - a +0 club (weapon)
Armour
 b - a +0 leather armour (worn)
Jewellery
 f - a ring of flight
Wands
 c - a wand of flame (11) (quivered)
 d - a wand of charming (14)
Scrolls
 g - a scroll of holy word {unknown}
 i - a scroll of identify {unknown}
 j - a scroll of fear {unknown}
Potions
 h - a potion of heal wounds {unknown}
 k - a potion of resistance {unknown}
 l - a potion of degeneration {unknown}
Miscellaneous
 e - a piece from Xom's chessboard (15/15)


   Skills:
 + Level 1.1 Fighting
 + Level 0.6 Maces & Flails
 - Level 2.0 Armour
 + Level 1.4 Dodging
 - Level 1.0 Stealth
 + Level 3.9 Evocations


You had 2 spell levels left.
You didn't know any spells.
Your spell library was empty.

Dungeon Overview and Level Annotations

Branches:
Dungeon (2/15)

Altars:

Annotations:
D:1 exclusion: downstairs


Message History

You barely miss the hobgoblin.
The hobgoblin is heavily wounded.
The hobgoblin closely misses you. The hobgoblin hits you.
You barely miss the hobgoblin.
The hobgoblin is heavily wounded.
The hobgoblin misses you.
You hit the hobgoblin but do no damage.
The hobgoblin is heavily wounded.
The hobgoblin hits you but does no damage.
You closely miss the hobgoblin.
The hobgoblin is heavily wounded.
The hobgoblin completely misses you.
You hit the hobgoblin but do no damage.
The hobgoblin is heavily wounded.
The hobgoblin hits you. The hobgoblin barely misses you.
You hit the hobgoblin but do no damage.
The hobgoblin is heavily wounded.
The hobgoblin hits you.
* * * LOW HITPOINT WARNING * * *
You hit the hobgoblin but do no damage.
The hobgoblin is heavily wounded.
The hobgoblin hits you.
* * * LOW HITPOINT WARNING * * *
You hit the hobgoblin.
The hobgoblin is almost dead.
The hobgoblin closely misses you. x2
You hit the hobgoblin but do no damage.
The hobgoblin is almost dead.
The hobgoblin hits you.
* * * LOW HITPOINT WARNING * * *
You barely miss the hobgoblin.
The hobgoblin is almost dead.
The hobgoblin barely misses you.
You barely miss the hobgoblin.
The hobgoblin is almost dead.
The hobgoblin barely misses you.
You hit the hobgoblin but do no damage.
The hobgoblin is almost dead.
The hobgoblin hits you.
You die...

#
#w##.......####...............
# #.........##
##.............. # #..#....<.#
#.......#...... ## #........##
#..##.#..##....
.###..#.....#######.## ..
..##..#.((..........#
#.##..#.....##.#.######.
#.......(...............
##..#..........#@.......
...<#.#......###g####?.#
##.#.........# ..# .#
##.#..............
##.#..............
...#...............
.†.#...............
....................
........###.......


You could see a hobgoblin.

Vanquished Creatures
  5 endoplasms
  2 goblins (D:1)
  3 hobgoblins (D:1)
  5 kobolds
  A quokka (D:2)
  3 ball pythons (D:1)
  3 bats (D:2)
  A frilled lizard (D:1)
  3 rats (D:1)
26 creatures vanquished.

Vanquished Creatures (collateral kills)
  A kobold (D:2)
  2 goblins (D:2)
3 creatures vanquished.

Vanquished Creatures (others)
  An adder (D:2)
1 creature vanquished.

Grand Total: 30 creatures vanquished

Notes
Turn   | Place    | Note
-------+----------+-------------------------------------------
     0 | D:1      | H0rd4k the Human Artificer began the quest for the Orb.
     0 | D:1      | Reached XP level 1. HP: 15/15 MP: 1/1
   421 | D:1      | Reached XP level 2. HP: 20/21 MP: 2/2
  1211 | D:1      | Found a faded altar of an unknown god.
  1335 | D:1      | Reached XP level 3. HP: 19/26 MP: 3/3
  2237 | D:2      | Slain by a hobgoblin

Illustrated notes

Levels and vault maps discovered:
D:1:      ncdulo_lavacross, layout_loops_ring, dreamdust_ecumenical_altar_grove
D:2:      layout_rooms, kennysheep_generic_room_3

Action                   || total
-------------------------++-------
Melee: Club              ||   155
       Punch             ||     1
Evoke: Wand              ||     5
 Stab: Sleeping          ||     4
Armor: Leather armour    ||    66
Dodge: Dodged            ||   118
